Map: Daybreak LE (Void)

Players

Musumeci - Winner!

  • Race: Zerg Zerg
  • League: Diamond
  • Spawn Location: 7:00

Troll

  • Race: Zerg Zerg
  • League: Diamond
  • Spawn Location: 1:00

VOD

Have the link to the VOD?

Description

Time

  • Played on: Dec. 22, 2016, 11:12 a.m.
  • Length: 11:54
Show
View Real Time Build Order
Export as new Build Order

Musumeci Zerg - Winner!

Build Orders: Hatch First 

Get SALT Encoding   

  12  0:01  Drone  
  13  0:08  Drone  
  14  0:16  Drone, Extractor  
  15  0:41  Hatchery  
  14  0:50  Drone, Extractor  
  15  1:06  Spawning Pool  
  15  1:09  Extractor  
  13  1:18  Drone  
  13  1:20  Extractor  
  13  1:23  Drone  
  14  1:32  Evolution Chamber  
  14  1:42  Overlord  
  14  1:55  Queen  
  16  2:02  Drone  
  17  2:10  Drone  
  18  2:16  Drone  
  18  2:20  Drone  
  20  2:24  Drone  
  20  2:29  Drone  
  22  2:36  Metabolic Boost  
  22  2:41  Drone  
  22  2:44  Drone  
  24  2:47  Drone  
  24  2:51  Drone  
  26  2:54  Drone  
  27  3:03  Evolution Chamber  
  26  3:11  Evolution Chamber  
  26  3:13  Queen  
  29  3:25  Overlord x2  
  29  3:28  Evolution Chamber  
  29  3:33  Overlord  
  28  3:40  Overlord  
  28  3:44  Baneling Nest  
  27  3:49  Drone x2, Overlord  
  27  3:55  Zergling x4  
  31  4:03  Zergling x6  
  34  4:11  Zerg Ground Armor Level 1  
  34  4:12  Zergling x2  
  34  4:17  Zergling x2  
  36  4:30  Zergling x2  
  36  4:31  Zergling x10  
  42  4:40  Baneling x2  
  42  4:41  Baneling x2  
  41  5:03  Baneling x2  
  30  5:26  Zergling x2  
  30  5:27  Zergling x22  
  41  5:40  Drone x2  
  43  5:49  Hatchery  
  42  6:01  Baneling x2  
  42  6:02  Baneling x2  
  42  6:03  Zergling x8  
  43  6:19  Baneling x2  
  43  6:21  Zergling x12  
  36  6:47  Zergling x6  
  36  6:48  Zergling x6  
  36  6:50  Baneling x2  
  36  6:53  Baneling  
  36  6:54  Baneling, Zergling x2  
  42  7:07  Baneling x3  
  42  7:08  Zergling x8  
  42  7:30  Baneling x2  
  31  7:51  Baneling  
  31  7:53  Zergling x24  
  31  7:58  Zergling x12  
  48  8:00  Queen  
  48  8:03  Queen  
  48  8:05  Zergling x6  
  55  8:18  Baneling x2  
  55  8:19  Baneling  
  55  8:20  Baneling  
  55  8:33  Baneling x2  
  37  8:56  Zergling x4  
  37  8:57  Zergling x40  
  56  9:04  Spore Crawler  
  56  9:05  Spore Crawler  
  56  9:07  Spore Crawler  
  56  9:08  Spore Crawler  
  52  9:19  Drone x2, Spore Crawler  
  52  9:20  Spore Crawler  
  46  9:42  Zerg Melee Weapons Level 1  
  41  9:57  Zergling x20  
  41  9:58  Zergling x2  
  45  10:18  Zergling x12  
  47  10:33  Zergling x12  
  50  10:44  Queen  
  49  10:53  Zergling x4, Spore Crawler  
  48  11:15  Zergling x16  
  45  11:30  Zergling x8  
  45  11:31  Zergling x2  
  45  11:38  Baneling x3  
Show
View Real Time Build Order
Export as new Build Order

Troll Zerg 

Build Orders: Hatch First 

Get SALT Encoding   

  12  0:01  Drone  
  13  0:12  Overlord  
  13  0:18  Drone  
  14  0:31  Drone x2  
  14  0:35  Drone  
  17  0:53  Hatchery  
  17  0:56  Drone  
  17  0:59  Drone  
  18  1:15  Spawning Pool  
  18  1:17  Drone  
  18  1:19  Extractor  
  18  1:24  Drone  
  18  1:30  Overlord  
  18  1:39  Extractor  
  18  1:40  Drone  
  19  1:51  Drone  
  20  2:07  Queen  
  22  2:11  Zergling x2  
  22  2:13  Hatchery  
  22  2:18  Drone x2  
  22  2:20  Drone  
  25  2:30  Queen  
  25  2:34  Drone  
  28  2:40  Drone x2  
  30  2:47  Drone x2  
  30  2:50  Overlord  
  32  2:58  Overlord  
  31  3:15  Drone x5  
  31  3:16  Drone  
  37  3:22  Metabolic Boost, Evolution Chamber  
  37  3:23  Evolution Chamber  
  35  3:40  Baneling Nest  
  34  3:43  Drone  
  34  3:44  Drone x5  
  40  3:49  Extractor  
  40  3:50  Extractor  
  40  3:51  Queen  
  40  3:59  Lair  
  40  4:00  Drone x2  
  43  4:02  Drone  
  43  4:04  Drone  
  44  4:11  Zergling x6  
  44  4:12  Zergling x2  
  48  4:17  Zerg Melee Weapons Level 1  
  48  4:26  Zergling x4  
  48  4:27  Zergling x10  
  48  4:30  Baneling  
  55  4:31  Baneling  
  55  4:42  Spine Crawler  
  54  5:02  Baneling x2  
  54  5:04  Zergling x10  
  57  5:16  Zergling x14  
  55  5:23  Drone x3  
  55  5:27  Spire  
  55  5:34  Zergling x6  
  57  5:36  Overlord  
  57  5:37  Overlord x3  
  57  5:39  Extractor  
  57  5:41  Drone  
  57  5:43  Overlord x2  
  57  5:58  Baneling  
  57  5:59  Baneling x7  
  57  6:00  Zergling x10  
  56  6:21  Zergling x4  
  45  6:37  Zergling x2  
  45  6:38  Zergling x14  
  50  6:52  Zergling x8  
  53  6:57  Baneling  
  53  7:07  Drone x3  
  53  7:08  Spine Crawler  
  55  7:21  Baneling x2  
  55  7:22  Baneling x3  
  49  7:34  Zergling x8  
  49  7:35  Zergling x8  
  48  7:50  Zergling x6  
  47  7:55  Queen  
  47  7:57  Drone  
  50  7:59  Queen  
  50  8:00  Drone x2  
  54  8:07  Mutalisk x2  
  58  8:13  Mutalisk  
  60  8:25  Baneling x10  
  60  8:26  Baneling  
  59  8:27  Mutalisk  
  54  8:46  Mutalisk x5  
  52  8:58  Drone x5  
  55  9:07  Queen  
  59  9:22  Drone  
  59  9:23  Drone x4  
  64  9:35  Overlord  
  61  9:45  Zergling x2  
  61  9:46  Zergling x20  
  52  10:28  Queen x2  
  54  10:30  Zergling x18  
  60  10:49  Drone  
  57  10:56  Zergling x2  
  58  11:03  Baneling  
  58  11:04  Queen  
  58  11:06  Hatchery  
  44  11:33  Zergling x2  
  44  11:34  Zergling x10  
Tags
 
Add a new tag
Caveats
  • Supply blocks, unpowered buildings, or Contaminate may cause inaccurate times.
  • Supply counts are checked every 10 seconds.